Description

Winter's basic opener.

VOD

https://youtube.com/watch?v=dYPPqQT9N9Y

Build Order

Get SALT Encoding   

  14  0:18  Pylon at the wall  
  16  0:36  Gateway chrono probes  
  17  0:48  Assimilator  
  18  0:57  Assimilator  
  19  1:11  Gateway  
  20  1:24  Cybernetics Core  
  21  1:36  Pylon  
  23  2:02  Stalker x2 x2 or sentry  
  27  2:04  Warp Gate  
  27  2:22  Pylon low ground  
  27  2:32  Stargate  
  27  2:43  Stalker x2  
  32  3:14  Nexus  
  32  3:23  Oracle or phoenix if you want to be safe  
  35  3:38  Pylon  
  43  4:28  Stargate or twilight if you want to go ground.  
  70  6:30  Robotics Facility if ahead  
Spawning Tool Build Advisor. Get it on Overwolf

Analysis

Dont forget a 3rd. if I want to abandon stargate do it immediately and put down a twilight to go to archons. And yes. its just the opener. this is mainly for me.

Go to:

Details

  • Created by: RussianBever
  • Published on: Jun 18, 2018
  • Modified on: Jun 19, 2018
  • Patch: 4.0.0
Show
View Real Time Build Order
Export as new Build Order

Comments (0)

There are no comments. Be the first!

Create an account to comment!